 Dungeon Crawl Stone Soup version 0.30-a0-802-gb92711bcdf (webtiles) character file.

Game seed: 15675962166650974594

20 jimonade the Insei (level 3, 0/27 HPs)
             Began as a Djinni Transmuter on Feb 23, 2023.
             Slain by a goblin
             ... wielding a +0 club
              (3 damage)
             ... on level 1 of the Dungeon.
             The game lasted 00:01:43 (366 turns).

jimonade the Insei (Djinni Transmuter)               Turns: 366, Time: 00:01:44

Health: 0/27       AC:  2    Str: 11    XL:     3   Next: 0%
Gold:   53         EV: 12    Int: 14    God:
                   SH:  0    Dex: 13

rFire   + + .      SeeInvis .      - Unarmed
rCold   x . .      Faith    .    (no shield)
rNeg    . . .      Spirit   .    a - +0 robe
rPois   ∞          Reflect  .    (no helmet)
rElec   .          Harm     .    (no cloak)
rCorr   .          Rampage  .    (no gloves)
Will    .....                    (boots unavailable)
Stlth   +                        (no amulet)
HPRegen 0.24/turn                (no ring)
MPRegen 0.00/turn                (no ring)

@: flying, hasted, very quick
A: sickness immunity, fire resistance 2, cold vulnerability 1, float, innate
caster, HP casting, extra vitality 1
a: no special abilities


You were on level 1 of the Dungeon.
You visited 1 branch of the dungeon, and saw 1 of its levels.

You collected 53 gold pieces.

Inventory:

Armour
 a - a +0 robe (worn)
Scrolls
 e - a scroll of identify
Potions
 b - a potion of lignification
 c - a potion of haste
 f - a potion of ambrosia {unknown}


   Skills:
 + Level 1.0 Fighting
 + Level 2.8 Dodging
 - Level 3.0 Unarmed Combat
 * Level 2.1 Spellcasting


You knew the following spells:

 Your Spells              Type           Power      Damage    Failure   Level
a - Beastly Appendage     Tmut           14%        N/A       10%         1
b - Wereblood             Tmut           7%         N/A       14%         2
c - Spider Form           Tmut/Pois      7%         N/A       28%         3
d - Ice Form              Ice/Tmut       7%         N/A       67%         4
e - Foxfire               Conj/Fire      28%        2x1d5     10%         1
Your spell library was empty.

Dungeon Overview and Level Annotations

Branches:
Dungeon (1/15)

Altars:


Innate Abilities, Weirdness & Mutations

You are immune to sickness and miasma.
You are immune to poison.
Your flesh is very heat resistant. (rF++)
You are vulnerable to cold. (rC-)
You float through the air rather than walking.
You learn spells naturally, not from books.
Your magical power is your life essence.
You have superior vitality. (+4 MHP)


Message History

You feel stronger. x2
The power to cast Foxfire wells up from within.
Spell assigned to 'e'.
The goblin shouts!
A hobgoblin comes into view.
An endoplasm comes into view.
Found 2 stones.
The goblin closely misses you.
You closely miss the goblin.
The endoplasm quivers.
The goblin hits you with a +0 club.
You closely miss the goblin. The goblin hits you with a +0 club.
You hit the goblin but do no damage. The goblin hits you with a +0 club.
You hit the goblin but do no damage. The goblin hits you with a +0 club.
You hit the goblin.
The goblin is severely wounded.
An endoplasm comes into view.
The goblin hits you with a +0 club.
You are too injured to fight recklessly!
You are too injured to fight recklessly!
You are too injured to fight recklessly!
You are too injured to fight recklessly!
You are too injured to fight recklessly!
You barely miss the goblin.
The goblin is severely wounded.
The air fills with toxic fumes!
As you read the scroll labelled EZERUST WOONA, it crumbles to dust.
It was a scroll of poison.
The goblin hits you with a +0 club.
As you read the scroll labelled ROIWNI RILATZ, it crumbles to dust.
It is a scroll of identify.
c - 2 potions of haste The endoplasm quivers.
The goblin closely misses you.
Okay, then.
You feel yourself speed up. The goblin hits you with a +0 club.
You hit the endoplasm but do no damage. The endoplasm freezes you.
You are frozen!
You feel a terrible chill!
* * * LOW HITPOINT WARNING * * *
The goblin hits you with a +0 club.
You die...

####### ####......
###§§§.########§
#######§§§§§§J@gJ§§§§§
.......§§§§§####§§§§§#
######.§###..... §§§§#
##..## ###### §§§#
######..## §§#
.......###### §#
.............# #
.....#######..
#.#..#### # .


You could see 2 endoplasms and a goblin.

Vanquished Creatures
  3 bats (D:1)
  An endoplasm (D:1)
  A giant cockroach (D:1)
  2 goblins (D:1)
  2 hobgoblins (D:1)
  A quokka (D:1)
  4 ball pythons (D:1)
  4 rats (D:1)
18 creatures vanquished.

Vanquished Creatures (others)
  6 plants (D:1)
6 creatures vanquished.

Grand Total: 24 creatures vanquished

Notes
Turn   | Place    | Note
-------+----------+-------------------------------------------
     0 | D:1      | jimonade the Djinni Transmuter began the quest for the Orb.
     0 | D:1      | jimonade set off with the following spells memorised:
                  | Beastly Appendage, Wereblood, Spider Form, Ice Form.
     0 | D:1      | Reached XP level 1. HP: 17/17 MP: 0/0
   100 | D:1      | Reached XP level 2. HP: 19/22 MP: 0/0
   353 | D:1      | Reached XP level 3. HP: 26/27 MP: 0/0
   353 | D:1      | Learned a level 1 spell: Foxfire
   366 | D:1      | Slain by a goblin

Illustrated notes

Levels and vault maps discovered:
D:1:      eino_arrival_tree_alley, layout_rooms, basic_ecumenical_altar,
          due_unseen_surprise

Skill      XL: |  1  2 |
---------------+-------+-----
Spellcasting   | 2 |  2.1
Fighting       | |  1.0
Dodging        | |  2.8
Unarmed Combat | |  3.0

Action                     || total
---------------------------++-------
  Melee: Unarmed           ||    64
         Punch             ||     1
    Use: Scroll            ||     2
         Potion            ||     1
   Stab: Sleeping          ||     1
 Armour: Robe              ||    19
  Dodge: Dodged            ||    51

Table legend: (Time is in decaauts)
 A = Elapsed time spent in this place.
 B = Non-inter-level travel time spent in this place.
 C = Inter-level travel time spent in this place.
 D = Time resting spent in this place.
 E = Time spent auto-exploring this place.
 F = Levels seen in this place.
 G = Mean time per level.
                   A        B        C        D        E       F      G
               +--------+--------+--------+--------+--------+-----+--------+
         Total |    361 |    359 |      2 |      0 |    199 |   1 |  361.0 |
       Dungeon |    361 |    359 |      2 |      0 |    199 |   1 |  361.0 |
               +--------+--------+--------+--------+--------+-----+--------+

Top non-repeatable levels by time:
     D:1: 361 daAuts
